 Dungeon Crawl Stone Soup version 0.25-a0-578-gc91f01c (webtiles) character file.

Game seed: 2101752728214756691, levelgen mode: deterministic

9 Faels the Skirmisher (level 2, 24/24 HPs)
             Began as a Demonspawn Fighter on Mar 3, 2020.
             Quit the game on level 1 of the Dungeon.
             The game lasted 00:01:13 (273 turns).

Faels the Skirmisher (Demonspawn Fighter)            Turns: 273, Time: 00:01:14

Health: 24/24      AC:  6    Str: 16    XL:     2   Next: 3%
Magic:  2/2        EV:  6    Int:  9    God:
Gold:   9          SH:  8    Dex: 12    Spells: 1/1 levels left

rFire    . . .     SeeInvis .   a - +0 long sword
rCold    . . .     Gourm    .   c - +0 kite shield
rNeg     . . .     Faith    .   b - +0 scale mail
rPois    .         Spirit   .   (no helmet)
rElec    .         Reflect  .   (no cloak)
rCorr    .         Harm     .   (no gloves)
MR       .....                  (no boots)
Stlth    ..........             (no amulet)
HPRegen  0.08/turn              (no ring)
MPRegen  0.08/turn              (no ring)

@: no status effects
A: hooves 1
a: no special abilities


You were on level 1 of the Dungeon.
You were not hungry.

You visited 1 branch of the dungeon, and saw 1 of its levels.

You collected 9 gold pieces.

Inventory:

Hand Weapons
 a - a +0 long sword (weapon)
Armour
 b - a +0 scale mail (worn)
 c - a +0 kite shield (worn)
Scrolls
 e - a scroll of remove curse {unknown}
 i - a scroll of enchant weapon {unknown}
Potions
 d - a potion of might
 g - a potion of degeneration {unknown}
Comestibles
 f - a ration
 h - 5 chunks of flesh


   Skills:
 - Level 3.0 Fighting
 * Level 2.5 Long Blades
 - Level 2.6 Armour
 - Level 2.6 Shields


You had one spell level left.
You didn't know any spells.
Your spell library was empty.

Dungeon Overview and Level Annotations

Branches:
Dungeon (1/15)

Altars:


Innate Abilities, Weirdness & Mutations

You have large cloven feet.


Message History

The bat hits you but does no damage. x2
You slash the bat!
You kill the bat!
A hobgoblin comes into view. It is wielding a +0 club.
The jackal bites you but does no damage.
You closely miss the jackal.
The jackal bites you but does no damage.
The jackal barely misses you.
You hit the jackal but do no damage. You block the jackal's attack.
The jackal closely misses you.
You barely miss the jackal.
The jackal bites you but does no damage. x2
You hit the jackal.
You kill the jackal!
You have reached level 2!
Your demonic ancestry asserts itself...
Your feet thicken and deform.
Quiver which item? (- for none, * to show all) (? for menu, Esc to quit)
Okay, then.
Are you sure you want to abandon this character and quit the game? (Confirm with "yes".)

.##.......# #.##..######
#..##..######
##...##.......#
#....###....... #....#
######.. ###....#
######..
#####......###.......
#.##hgJ@.#....##.......#
#....#####....##..######
#..### #....##..####
#... ##.......##.## ....
########..>#####..##
###..
........#########.## #.
#######.........รท... ..
############.. ###


You could see an ooze, a jackal and a hobgoblin.

Vanquished Creatures
  2 giant cockroaches (D:1)
  A goblin (D:1)
  A hobgoblin (D:1)
  A jackal (D:1)
  2 bats (D:1)
  A rat (D:1)
8 creatures vanquished.

Notes
Turn   | Place    | Note
-------+----------+-------------------------------------------
     0 | D:1      | Faels the Demonspawn Fighter began the quest for the Orb.
     0 | D:1      | Reached XP level 1. HP: 18/18 MP: 1/1
   272 | D:1      | Gained mutation: You have large cloven feet. [demonic
                  | ancestry]
   272 | D:1      | Reached XP level 2. HP: 24/24 MP: 2/2
   273 | D:1      | Quit the game

Levels and vault maps discovered:
D:1:      minmay_arrival_wavy_path, layout_rooms

Skill      XL: |  1 |
---------------+----+-----
Long Blades    | 2 |  2.5
Fighting       | |  3.0
Armour         | |  2.6
Shields        | |  2.6

Action                   || total
-------------------------++-------
Melee: Long sword        ||    40
Armor: Scale mail        ||    37
Dodge: Dodged            ||    15
Block: Kite shield       ||    28
       Rpst.: Long sword ||     5

Table legend:
 A = Non-vault XP
 B = Vault XP
 C = Vault XP percentage of total XP
 D = Non-vault monster count
 E = Vault monster count
 F = Vault count percentage of total count
                 A         B        C        D         E       F
            +---------+---------+-------+---------+---------+-------
      Total |      13 |       0 |   0.0 |       8 |       0 |   0.0
            +---------+---------+-------+---------+---------+-------
        D:1 |      13 |       0 |   0.0 |       8 |       0 |   0.0
            +---------+---------+-------+---------+---------+-------
